 Dungeon Crawl Stone Soup version 0.31-a0-256-g80acddb972 (webtiles) character file.

Game seed: 10134917767585633414

114 qw the Shooter (level 4, -2/26 HPs)
             Began as a Gargoyle Hexslinger on July 12, 2023.
             Slain by an orc wizard
             ... wielding a +3 dagger of distortion
              (19 damage)
             ... on level 3 of the Dungeon.
             The game lasted 00:00:42 (1809 turns).

qw the Shooter (Gargoyle Hexslinger)                Turns: 1809, Time: 00:00:43

Health: -2/26      AC:  8    Str: 11    XL:     4   Next: 97%
Magic:  5/5        EV: 12    Int: 14    God:
Gold:   70         SH:  0    Dex: 14    Spells: 4/5 levels left

rFire   . . .        Y - +4 sling
rCold   . . .        (no shield)
rNeg    + . .        c - +0 robe
rPois   inf          (no helmet)
rElec   +            a - +2 cloak
rCorr   .            (no gloves)
SInv    .            (no boots)
Will    .....        o - amulet of the acrobat
Stlth   +            (no ring)
HPRegen 0.24/turn    (no ring)
MPRegen 0.09/turn

%: acrobat
@: no status effects
A: sickness immunity, AC +3, negative energy resistance 1, electricity
resistance, torment resistance 1, petrification resistance
a: no special abilities


You were on level 3 of the Dungeon.
You visited 1 branch of the dungeon, and saw 3 of its levels.

You collected 70 gold pieces.


Innate Abilities, Weirdness & Mutations

You are immune to sickness and miasma.
Your stone body is resilient. (AC +3)
You are immune to poison.
You resist negative energy. (rN+)
You are resistant to electric shocks. (rElec)
You are resistant to unholy torment.
You are immune to petrification.


   Skills:
 - Level 2.0 Fighting
 + Level 4.7 Ranged Weapons
 - Level 1.5 Dodging
 - Level 1.0 Spellcasting
 - Level 2.6 Hexes


You had 4 spell levels left.
You knew the following spells:

 Your Spells              Type           Power      Damage    Failure   Level
a - Slow                  Hex            32%        N/A       9%          1

Your spell library contained the following spells:

 Spells                   Type           Power      Damage    Failure   Level
 Inner Flame              Hex/Fire       4%         N/A       41%         3
 Portal Projectile        Hex/Tloc       8%         N/A       41%         3
 Cause Fear               Hex            4%         N/A       65%         4

Inventory:

Hand Weapons
 Y - a +4 sling (weapon)
Armour
 a - a +2 cloak (worn)
 c - a +0 robe (worn)
 l - a +1 robe of positive energy
Jewellery
 o - an amulet of the acrobat (around neck)
Scrolls
 b - a scroll of torment {unknown}
 f - 2 scrolls of identify
 h - a scroll of revelation {unknown}
Potions
 d - a potion of mutation {unknown}
 e - a potion of might
 g - 2 potions of lignification {unknown}
 i - a potion of enlightenment {unknown}
 j - a potion of heal wounds {unknown}
 k - a potion of attraction {unknown}
 n - a potion of invisibility {unknown}

Dungeon Overview and Level Annotations

Branches:
Dungeon (3/15)

Altars:
Dithmenos
The Shining One


Message History

2 orcs and an orc wizard come into view.
The orc wizard is wielding a +3 dagger of distortion.
The orc shouts! x2
An orc comes into view. It is wielding a +0 whip.
The orc moves out of view. x2
Enter note:
Enter note:
Enter note:
Enter note:
Enter note:
Enter note: You shoot a sling bullet.
The sling bullet closely misses the orc wizard.
The orc wizard shouts!
You shoot a sling bullet.
The sling bullet closely misses the orc.
The sling bullet misses the orc wizard.
You shoot a sling bullet. The sling bullet hits the orc.
The orc is almost dead.
You shoot a sling bullet. The sling bullet hits the orc.
You kill the orc!
The orc wizard casts a spell.
The orc wizard flickers and vanishes!
Deactivating autopickup; reactivate with Ctrl-A.
You shoot a sling bullet. The sling bullet hits the orc.
The orc is heavily wounded.
You shoot a sling bullet.
The sling bullet closely misses the orc.
You shoot a sling bullet.
The sling bullet closely misses the orc.
You shoot a sling bullet. The sling bullet hits the orc.
You kill the orc!
You hear some strange, mumbled words.
A magic dart appears from out of thin air!
The magic dart hits you!
You shoot a sling bullet. The sling bullet hits the orc.
The orc is heavily wounded.
Something hits you. Space warps horribly around you!!
Ouch! That really hurt!
You die...

#.P.##. #.P.##.
####### #.P.##.
....... #...##.
....... #...##.
##..## .....
#.#.##. _.#...#
##... #.#.##.
##...# #o{#
#.#.##. ....# #@#
#.#.##. ...# #.#
#...##. #?.# #.#
#...##. ##..# #.#
#._.##. ##...###.#
#...### #..#..#..#
#"..###
#.###...###
..#.#.... #.#
##.%..## #.#.#....
######.####..#..##
#.#.#....


You could see an orc.

Vanquished Creatures
  Jessica (D:3)
  3 adders
  3 dart slugs
  2 orcs (D:3)
  4 endoplasms
  A giant cockroach (D:1)
  5 goblins
  6 hobgoblins
  2 jackals (D:1)
  3 quokkas
  5 ball pythons
  3 bats
  2 frilled lizards (D:1)
  5 kobolds
  5 rats
50 creatures vanquished.

Notes
Turn   | Place    | Note
-------+----------+-------------------------------------------
     0 | D:1      | qw the Gargoyle Hexslinger began the quest for the Orb.
     0 | D:1      | Reached XP level 1. HP: 12/12 MP: 2/2
     0 | D:1      | 0 ||| qw: Version: 0.3-a-52-g30416fa
     0 | D:1      | 0 ||| qw: Game counter: 6750
     0 | D:1      | 0 ||| qw: Melee chars always use a shield: true
     0 | D:1      | 0 ||| qw: God list: Okawaru
     0 | D:1      | 0 ||| qw: Allow faded altars: false
     0 | D:1      | 0 ||| qw: Do Orc after clearing Dungeon:15 true
     0 | D:1      | 0 ||| qw: Do second Lair branch before Depths: true
     0 | D:1      | 0 ||| qw: Lair rune preference: random
     0 | D:1      | 0 ||| qw: Goals: Normal
     0 | D:1      | 0 ||| PLANNING D:1-11
    40 | D:1      | HP: 2/12 [frozen (3)]
   133 | D:1      | Reached XP level 2. HP: 16/16 MP: 3/3
   227 | D:1      | Reached skill level 3 in Ranged Weapons
   598 | D:1      | Reached XP level 3. HP: 19/21 MP: 4/4
   750 | D:1      | 750 ||| DROPPING amulet of magic regeneration.
   751 | D:1      | 751 ||| READING scroll labelled WAKUICRUA GUGA.
   752 | D:1      | 752 ||| READING scroll labelled HIGGUI ESEABIE.
   753 | D:1      | 753 ||| READING 2 scrolls labelled EVIRUX QEQU.
   754 | D:1      | 754 ||| READING scroll labelled ISUINK MENAER.
   755 | D:1      | 755 ||| DROPPING scroll of poison.
   850 | D:2      | 850 ||| READING scroll of enchant weapon.
   850 | D:2      | 850 ||| ENCHANTING +2 sling.
  1439 | D:2      | 1439 ||| UPGRADING to +2 cloak.
  1444 | D:2      | 1444 ||| UPGRADING to amulet of the acrobat.
  1449 | D:2      | 1449 ||| READING scroll labelled ZUPIVA ETEF.
  1452 | D:2      | 1452 ||| READING scroll labelled PUHYLI LUATUY.
  1453 | D:2      | 1453 ||| READING scroll labelled IGAOLY UDDENYO.
  1454 | D:2      | 1454 ||| READING scroll labelled LYKYOBR MOCULAI.
  1455 | D:2      | 1455 ||| DRINKING 2 fizzy white potions.
  1503 | D:3      | Reached XP level 4. HP: 26/26 MP: 5/5
  1585 | D:3      | Reached skill level 4 in Ranged Weapons
  1631 | D:3      | Found a glowing golden altar of the Shining One.
  1695 | D:3      | 1695 ||| READING scroll of enchant weapon.
  1695 | D:3      | 1695 ||| ENCHANTING +3 sling.
  1697 | D:3      | Noticed Jessica
  1703 | D:3      | Killed Jessica
  1783 | D:3      | Found a shadowy altar of Dithmenos.
  1809 | D:3      | Slain by an orc wizard

Levels and vault maps discovered:
D:1:      shiori_arrival_elements, layout_loops_ring
D:2:      layout_basic, minmay_tree_intersection, kennysheep_generic_room_9
D:3:      layout_rooms, mainiacjoe_overflow_boulevard,
          nicolae_dithmenos_through_a_glass_darkly, kennysheep_cross_bottleneck,
          uniq_jessica

Skill      XL: |  1  2  3  4 |
---------------+-------------+-----
Ranged Weapons | 3 4 |  4.7
Fighting       | 2 |  2.0
Dodging        | |  1.5
Spellcasting   | |  1.0
Hexes          | |  2.6

Action                     |  1- 3 |  4- 6 || total
---------------------------+-------+-------++-------
   Fire: Sling             |   111 |    33 ||   144
    Use: Scroll            |     9 |     1 ||    10
         Potion            |     1 |       ||     1
 Armour: Robe              |    16 |       ||    16
  Dodge: Dodged            |    20 |     1 ||    21

Table legend:
 A = Non-vault XP
 B = Vault XP
 C = Vault XP percentage of total XP
 D = Non-vault monster count
 E = Vault monster count
 F = Vault count percentage of total count
                 A         B        C        D         E       F
            +---------+---------+-------+---------+---------+-------
      Total |     126 |      37 |  22.7 |      49 |       1 |   2.0
            +---------+---------+-------+---------+---------+-------
        D:1 |      35 |       0 |   0.0 |      22 |       0 |   0.0
        D:2 |      41 |       0 |   0.0 |      15 |       0 |   0.0
        D:3 |      50 |      37 |  42.5 |      12 |       1 |   7.7
            +---------+---------+-------+---------+---------+-------
